 Dungeon Crawl Stone Soup version 0.30-b1-2-g02819fbbbe (webtiles) character file.

Game seed: 10145079217790013171

1248 Borgoz the Slasher (level 8, -12/70 HPs)
             Began as a Hill Orc Berserker on June 17, 2023.
             Was a Priest of Trog.
             Killed by divine providence
             ... invoked by an orc priest
              (14 damage)
             ... on level 6 of the Dungeon.
             The game lasted 00:07:38 (5218 turns).

Borgoz the Slasher (Hill Orc Berserker)             Turns: 5218, Time: 00:07:38

Health: -12/70     AC: 14    Str: 20    XL:     8   Next: 50%
Magic:  8/8        EV:  8    Int:  7    God:    Trog [***...]
Gold:   245        SH:  5    Dex: 17    Spells: 7/7 levels left

rFire   . . .        a - +0 falchion
rCold   . . .        (no shield)
rNeg    . . .        n - +1 plate armour
rPois   .            (no helmet)
rElec   +            (no cloak)
rCorr   +            (no gloves)
SInv    .            (no boots)
Will    .....        f - amulet "Qeoss" {Reflect rElec Dex+5 SH+5 Stlth-} Stlth
                     h - ring of resist corrosion
HPRegen 0.31/turn    (no ring)
MPRegen 0.11/turn

%: reflection
@: on berserk cooldown, slowed, very slow
A: no striking features
a: Renounce Religion, Convert to Beogh, Berserk, Trog's Hand


You were on level 6 of the Dungeon.
You worshipped Trog.
Trog was most pleased with you.
You visited 1 branch of the dungeon, and saw 6 of its levels.

You collected 245 gold pieces.

Inventory:

Hand Weapons
 a - a +0 falchion (weapon)
Missiles
 p - 3 atropa-tipped darts (quivered)
 u - 6 poisoned darts
Armour
 n - a +1 plate armour (worn)
Jewellery
 f - the amulet "Qeoss" (around neck) {Reflect rElec Dex+5 SH+5 Stlth-}
   (You acquired it on level 3 of the Dungeon)

   [amulet of reflection]

   It reflects blocked missile attacks.
   Dex:       It affects your dexterity (+5).
   rElec:     It insulates you from electricity.
   SH:        It affects your SH (+5).
   Stlth:     It makes you less stealthy.
 h - a ring of resist corrosion (left hand)
 s - an amulet of guardian spirit
Wands
 o - a wand of polymorph (3)
Scrolls
 e - 4 scrolls of teleportation
 k - 3 scrolls of fog
 m - 2 scrolls of fear
Potions
 c - a potion of haste
 d - a potion of attraction
 g - 3 potions of resistance
 i - a potion of brilliance {unknown}
 j - a potion of might {unknown}
 l - 2 potions of magic
 r - a potion of curing
 t - a potion of berserk rage {unknown}


   Skills:
 + Level 6.0 Fighting
 * Level 7.1 Long Blades
 * Level 6.6 Armour
 + Level 3.7 Dodging


You had 7 spell levels left.
You didn't know any spells.
Your spell library was empty.

Dungeon Overview and Level Annotations

Branches:
Dungeon (6/15)             Temple (0/1) D:4

Altars:
Ashenzari
Kikubaaqudgha
Okawaru
Sif Muna
Vehumet
Wu Jian


Message History

Deactivating autopickup; reactivate with Ctrl-A.
The black bear completely misses you. The black bear barely misses you.
The black bear claws you but does no damage.
The black bear barely misses you.
The black bear claws you but does no damage.
The black bear claws you.
The black bear bites you but does no damage.
The black bear claws you.
The black bear claws you but does no damage.
The black bear attacks as you move away!
The black bear bites you!
* * * LOW HITPOINT WARNING * * *
The black bear closely misses you. The black bear claws you.
* * * LOW HITPOINT WARNING * * *
The black bear closely misses you.
The black bear claws you but does no damage.
The black bear claws you.
* * * LOW HITPOINT WARNING * * *
The black bear bites you.
* * * LOW HITPOINT WARNING * * *
The black bear claws you.
* * * LOW HITPOINT WARNING * * *
The black bear barely misses you. The black bear barely misses you. x2
The black bear claws you but does no damage.
You feel better. The black bear bites you.
* * * LOW HITPOINT WARNING * * *
The black bear misses you. The black bear barely misses you. x3
The black bear claws you but does no damage.
The black bear attacks as you move away!
The black bear bites you but does no damage.
The black bear claws you.
* * * LOW HITPOINT WARNING * * *
The black bear claws you but does no damage.
The black bear bites you!
* * * LOW HITPOINT WARNING * * *
The black bear claws you but does no damage. x2
The orc priest invokes the aid of Beogh against you.
Beogh smites you!
You die...

#....####
#..####†###.#
#.#### ##..##...#
#.# #.. #...#....#
#.# #.. #...#....#
.# #.. ##........#
#....###### . #.
#....# ...
#...#....####.....
.......o.h@.?.....
#######o##########
......o..oo....
######.#.o..... ..
.o.{... ...
....... ....
.#..... ..#..
.###..# ##.##. .#
.##


You could see a black bear (berserk), an orc priest and an orc.

Vanquished Creatures
  A steam dragon (D:6)
  Menkaure (D:4)
  An orc warrior (D:6)
  An ice beast (D:6)
  A bullfrog (D:6)
  A gnoll sergeant (D:5)
  A howler monkey (D:6)
  A jelly (D:5)
  2 hounds
  3 orc priests
  A gnoll bouda (D:3)
  A sleepcap (D:5)
  3 iguanas
  3 orc wizards (D:3)
  5 adders
  12 gnolls
  A shadow imp (D:6)
  A white imp (D:5)
  2 worms (D:3)
  2 dart slugs
  12 orcs
  7 bats
  4 endoplasms
  7 giant cockroaches
  3 goblins (D:1)
  4 hobgoblins
  6 kobolds
  2 quokkas
  9 ball pythons
  2 frilled lizards
  5 rats
105 creatures vanquished.

Notes
Turn   | Place    | Note
-------+----------+-------------------------------------------
     0 | D:1      | Borgoz the Hill Orc Berserker began the quest for the Orb.
     0 | D:1      | Reached XP level 1. HP: 19/19 MP: 1/1
   147 | D:1      | Reached XP level 2. HP: 27/27 MP: 2/2
   363 | D:1      | You fall into a shaft and drop 1 floor!
   677 | D:1      | Reached XP level 3. HP: 33/33 MP: 3/3
   919 | D:2      | Reached ** piety under Trog
  1661 | D:3      | Found an ornate altar of the Wu Jian Council.
  1662 | D:3      | Identified a scroll of acquirement
  1662 | D:3      | Acquired the amulet "Qeoss" {Reflect rElec Dex+5 SH+5
                  | Stlth-}
  1671 | D:3      | Found a broken altar of Ashenzari.
  1776 | D:3      | Reached skill level 4 in Long Blades
  1776 | D:3      | Reached XP level 4. HP: 40/40 MP: 4/4
  1893 | D:3      | Found a radiant altar of Vehumet.
  1958 | D:3      | Found an ancient bone altar of Kikubaaqudgha.
  1988 | D:3      | Reached XP level 5. HP: 22/47 MP: 5/5
  2084 | D:3      | Found a shimmering blue altar of Sif Muna.
  2645 | D:4      | Reached XP level 6. HP: 53/53 MP: 6/6
  2742 | D:4      | Reached skill level 5 in Long Blades
  2971 | D:4      | Found an iron altar of Okawaru.
  3064 | D:4      | Noticed Menkaure
  3076 | D:4      | Killed Menkaure
  3261 | D:4      | Reached skill level 5 in Fighting
  3271 | D:4      | Reached XP level 7. HP: 57/61 MP: 7/7
  3316 | D:4      | Found a staircase to the Ecumenical Temple.
  3599 | D:5      | Entered Level 5 of the Dungeon
  3674 | D:5      | Reached skill level 5 in Armour
  4293 | D:5      | Reached skill level 6 in Long Blades
  4652 | D:6      | Reached *** piety under Trog
  4983 | D:6      | Reached XP level 8. HP: 33/70 MP: 8/8
  5206 | D:6      | Reached skill level 7 in Long Blades
  5215 | D:6      | HP: 3/70 [black bear (1)]
  5218 | D:6      | Killed from afar by an orc priest

Illustrated notes

Levels and vault maps discovered:
D:1:      dpeg_arrival_more_subterranean_lakeside_camping, layout_loops_ring
D:2:      layout_rooms
D:3:      layout_basic, palyth_temple_overflow_mages,
          mainiacjoe_overflow_six_doors_small,
          mainiacjoe_overflow_concentric_impassable
D:4:      layout_loops_ring, mainiacjoe_overflow_surrounded_room,
          minmay_temple_entry_from_below_a,
          nicolae_concentric_dashed_squares_mild, uniq_menkaure
D:5:      layout_basic
D:6:      minmay_recursive_quarters, layout_rooms, roderic_serpentine_path,
          grunt_decor_arrowhead

Skill      XL: |  1  2  3  4  5  6  7  8 |
---------------+-------------------------+-----
Armour         | 3 4 6 |  6.6
Fighting       | 4 5 6 |  6.0
Dodging        | 2 3 |  3.7
Long Blades    | 4 5 6 7 |  7.1

Action                     |  1- 3 |  4- 6 |  7- 9 || total
---------------------------+-------+-------+-------++-------
  Melee: Falchion          |   147 |   159 |   176 ||   482
         Punch             |     1 |     4 |     8 ||    13
  Throw: Throwing net      |       |       |     1 ||     1
 Invoke: Berserk           |     2 |     4 |     4 ||    10
         Trog's Hand       |       |     1 |       ||     1
    Use: Scroll            |    10 |     2 |     3 ||    15
         Potion            |       |     2 |     1 ||     3
   Stab: Sleeping          |     1 |       |       ||     1
 Armour: Animal skin       |    20 |       |       ||    20
         Scale mail        |    21 |       |       ||    21
         Plate armour      |    18 |   102 |   125 ||   245
  Dodge: Dodged            |    79 |    31 |    69 ||   179
  Block: Other             |     5 |    30 |    45 ||    80
